 Dungeon Crawl Stone Soup version 0.19.1 (webtiles) character file.

40 Gargoyl the Skirmisher (level 3, 0/29 HPs)
             Began as a Demonspawn Abyssal Knight on Nov 25, 2016.
             Was a Follower of Lugonu.
             Slain by Terence
             ... wielding a +0 trident
              (7 damage)
             ... on level 2 of the Dungeon.
             The game lasted 00:02:46 (1652 turns).

Gargoyl the Skirmisher (Demonspawn Abyssal Knight)  Turns: 1652, Time: 00:02:48

Health: 0/29       AC:  8    Str: 17 (18) XL:     3   Next: 30%
Magic:  4/4        EV: 10    Int:  7 (9)  God:    Lugonu [*.....]
Gold:   58         SH:  0    Dex: 11 (14) Spells: 0 memorised, 2 levels left

rFire  + . .     SeeInvis .     a - +1 hand axe
rCold  + . .     Gourm    .     d - +0 ring mail of Trog's Whim {Str+5 Int-4} (curse)
rNeg   . . .     Faith    .     (no shield)
rPois  +         Spirit   .     (no helmet)
rElec  +         Reflect  .     (no cloak)
rCorr  +         Harm     .     f - +1 pair of gloves
MR     .....                    (no boots)
Stlth  +.........               (no amulet)
                                (no ring)
                                (no ring)

@: resistant, very slightly contaminated, hasted, very quick
A: thin skeletal structure 1, low mp 1, mutation resistance 1, powered by pain
1, shaggy fur 1
a: Depart the Abyss, Renounce Religion


You were on level 2 of the Dungeon.
You worshipped Lugonu.
Lugonu was aware of your devotion.
You were hungry.

You visited 1 branch of the dungeon, and saw 2 of its levels.
You visited the Abyss 1 time.

You collected 58 gold pieces.

Inventory:

Hand Weapons
 a - a +1 hand axe (weapon)
Armour
 d - the cursed +0 ring mail of Trog's Whim (worn) {Str+5 Int-4}
   (You found it on level 2 of the Abyss)

   It affects your strength (+5).
   It affects your intelligence (-4).
   It has a curse placed upon it.
 f - a +1 pair of gloves (worn)
 g - a +0 chain mail
Jewellery
 e - an uncursed ring of ice {unknown}
Potions
 b - 2 potions of degeneration
Comestibles
 c - 2 bread rations
 l - a meat ration


   Skills:
 + Level 3.4 Fighting
 + Level 1.9 Axes
 * Level 2.7 Armour
 + Level 0.8 Dodging
 * Level 2.9 Invocations


You had 2 spell levels left.
You didn't know any spells.

Dungeon Overview and Level Annotations

Branches:
Dungeon (2/15)

Altars:

Annotations:
D:2 Terence


Innate Abilities, Weirdness & Mutations

You have a somewhat thin skeletal structure. (Dex +2, Stealth)
You sometimes gain a little power by taking damage.
Your magical capacity is low. (-10% MP)
You are somewhat resistant to further mutation.
You are covered in fur. (AC +1)


Message History

Terence is heavily wounded.
Terence hits you but does no damage.
You hit Terence.
Terence is heavily wounded.
Terence barely misses you.
You hit Terence but do no damage.
Terence is heavily wounded.
Terence hits you but does no damage.
You hit Terence but do no damage.
Terence is heavily wounded.
You hit Terence but do no damage.
Terence is heavily wounded.
Terence hits you but does no damage.
You closely miss Terence.
Terence is heavily wounded.
You feel less woody.
Your +1 pair of gloves unmelds from your body.
The cursed +0 ring mail of Trog's Whim {Str+5 Int-4} unmelds from your body.
Terence hits you with a trident!
You die...

#..#.# ##..#.##
......# #..#..#
#..#..## #......
####.##.#
#..((@@.#
#.######.#######
#........#
########.# #.#
#.# #.# #.# #.#
##.## #.# #.#
#####...######
#.# #.#
#.....#......#
#.# #.#
#.###...####.#
#.# #.#


You could see Terence.

Vanquished Creatures
  An adder (D:2)
  A worm (D:2)
  3 bats (D:1)
  5 hobgoblins
  4 jackals (D:2)
  A quokka (D:2)
  4 goblins
  5 kobolds
  A rat (D:2)
25 creatures vanquished.

Notes
Turn   | Place    | Note
-------+----------+-------------------------------------------
     0 | Abyss:1  | Gargoyl the Demonspawn Abyssal Knight began the quest for the Orb.
     0 | Abyss:1  | Reached XP level 1. HP: 18/18 MP: 2/2
    10 | Abyss:2  | Got a slimy ring mail
    45 | Abyss:2  | Noticed a small abomination
    46 | Abyss:2  | Noticed a cyan very ugly thing
    49 | D:1      | Escaped the Abyss
   143 | D:1      | Identified the cursed +0 ring mail of Trog's Whim {Str+5 Int-4} (You found it on level 2 of the Abyss)
   407 | D:1      | Reached * piety under Lugonu
   510 | D:1      | Gained mutation: You have a somewhat thin skeletal structure. (Dex +2, Stealth) [demonic ancestry]
   510 | D:1      | Reached XP level 2. HP: 24/24 MP: 3/3
  1209 | D:2      | Gained mutation: You sometimes gain a little power by taking damage. [demonic ancestry]
  1209 | D:2      | Reached XP level 3. HP: 29/29 MP: 5/5
  1613 | D:2      | Noticed Terence
  1626 | D:2      | Gained mutation: Your magical capacity is low. (-10% MP) [potion of mutation]
  1626 | D:2      | Gained mutation: You are somewhat resistant to further mutation. [potion of mutation]
  1626 | D:2      | Gained mutation: You are covered in fur. (AC +1) [potion of mutation]
  1652 | D:2      | Slain by Terence

Skill      XL: |  1 |
---------------+----+-----
Armour         | 2 |  2.7
Fighting       | |  3.4
Axes           | |  1.9
Dodging        | |  0.8
Invocations    | |  2.9

Action                   || total
-------------------------++-------
Melee: Hand axe          ||   112
Invok: Depart the Abyss  ||     1
  Use: Scroll            ||     2
       Potion            ||     8
 Stab: Sleeping          ||     1
  Eat: Chunk             ||     2
Armor: Ring mail         ||    41
       Leather armour    ||     2
       Skin              ||    10
Dodge: Dodged            ||    73
